 Dungeon Crawl Stone Soup version 0.29.1-4-g47bece8355 (webtiles) character file.

Game seed: 4061587813435067657

269710 PhantomBowie the Warrior (level 20, 0/137 HPs)
             Began as a Gargoyle Berserker on Dec 1, 2022.
             Was the Champion of Trog.
             Slain by an ironbound thunderhulk
             ... wielding a +0 great mace
              (28 damage)
             ... on level 1 of the Vaults on Dec 3, 2022.
             The game lasted 04:18:56 (46348 turns).

PhantomBowie the Warrior (Gargoyle Berserker)      Turns: 46348, Time: 04:18:57

Health: 0/137      AC: 40    Str: 32    XL:     20   Next: 19%
Magic:  20/20      EV: 18    Int:  7    God:    Trog [******]
Gold:   3685       SH: 30    Dex: 14    Spells: 19/19 levels left

rFire   + + .      SeeInvis .   M - +11 morningstar "Carch" {holy, Dex+7}
rCold   + . .      Faith    .   f - +6 tower shield "Ofienn" {rPois rCorr Stlth+}
rNeg    + + .      Spirit   .   U - +3 chain mail {Will+}
rPois   ∞          Reflect  +   k - +0 helmet
rElec   +          Harm     .   K - scarf {rC+ rF+}
rCorr   +          Rampage  .   W - +2 pair of gloves "Lorarri" {rF+ Slay+3}
Will    ++...                   i - +0 pair of boots
Stlth   ..........              E - amulet of reflection
HPRegen 0.32/turn               o - ring "Uzem" {EV+4 Str+3}
MPRegen 0.17/turn               g - ring of positive energy

@: flying
A: sickness immunity, AC +15, big wings, negative energy resistance 1,
electricity resistance, torment resistance 1, petrification resistance, clumsy
1, dopey 1
}: 2/15 runes: decaying, serpentine
a: Renounce Religion, Berserk, Trog's Hand, Brothers in Arms


You were on level 1 of the Vaults.
You worshipped Trog.
Trog was exalted by your worship.
You visited 7 branches of the dungeon, and saw 33 of its levels.
You also visited: Sewer and Gauntlet.

You collected 3973 gold pieces.
You spent 288 gold pieces at shops.

Inventory:

Hand Weapons
 M - the +11 morningstar "Carch" (weapon) {holy, Dex+7}
   (You found it on level 9 of the Dungeon)

   It has been blessed by the Shining One to cause great damage to the undead
   and demons.
   Dex:       It affects your dexterity (+7).
 V - a +1 antimagic demon whip
Armour
 f - the +6 tower shield "Ofienn" (worn) {rPois rCorr Stlth+}
   (You found it on level 1 of the Swamp)

   rPois:     It protects you from poison.
   rCorr:     It protects you from acid and corrosion.
   Stlth:     It makes you more stealthy.
 i - a +0 pair of boots (worn)
 k - a +0 helmet (worn)
 K - a scarf of resistance (worn)
 N - a +0 plate armour of fire resistance
 O - the +2 cloak "Limmit" {rN+ Int+4 Stlth+}
   (You found it on level 9 of the Dungeon)

   Int:       It affects your intelligence (+4).
   rN:        It protects you from negative energy.
   Stlth:     It makes you more stealthy.
 U - a +3 chain mail of willpower (worn)
 W - the +2 pair of gloves "Lorarri" (worn) {rF+ Slay+3}
   (You found it on level 3 of the Swamp)

   Slay:      It affects your accuracy & damage with ranged weapons and melee
   (+3).
   rF:        It protects you from fire.
Jewellery
 g - a ring of positive energy (right hand)
 o - the ring "Uzem" (left hand) {EV+4 Str+3}
   (You found it on level 12 of the Dungeon)

   [ring of evasion]

   EV:        It affects your evasion (+4).
   Str:       It affects your strength (+3).
 y - a ring of fire
 B - a ring of see invisible
 E - an amulet of reflection (around neck)
 L - a +6 ring of dexterity
 Y - a ring of willpower
Wands
 q - a wand of paralysis (37)
 t - a wand of polymorph (8)
 v - a wand of light (25)
 D - a wand of roots (37)
 H - a wand of flame (65)
 Q - a wand of mindburst (24)
 R - a wand of digging (22)
Scrolls
 c - 13 scrolls of noise
 l - 6 scrolls of magic mapping
 m - 8 scrolls of enchant weapon
 n - 2 scrolls of torment
 p - 8 scrolls of fear
 r - 10 scrolls of blinking
 s - 17 scrolls of teleportation
 w - 2 scrolls of silence
 x - 5 scrolls of immolation
 z - 6 scrolls of poison
 C - 12 scrolls of identify
 G - 6 scrolls of fog
 J - 3 scrolls of vulnerability
 P - 8 scrolls of enchant armour
 S - 2 scrolls of brand weapon
 Z - a scroll of acquirement
Potions
 a - 11 potions of heal wounds
 d - 9 potions of haste
 e - 16 potions of curing
 h - 5 potions of ambrosia
 j - 9 potions of lignification
 u - 6 potions of attraction
 A - 2 potions of mutation {unknown}
 I - 4 potions of might
 T - 2 potions of resistance
 X - a potion of invisibility


   Skills:
 + Level 18.5 Fighting
 + Level 17.1 Maces & Flails
 + Level 18.3 Armour
 + Level 14.4 Dodging
 + Level 15.8 Shields


You had 19 spell levels left.
You didn't know any spells.
Your spell library was empty.

Dungeon Overview and Level Annotations

Branches:
Dungeon (15/15)            Temple (1/1) D:5            Lair (5/5) D:10
  Swamp (4/4) Lair:2        Snake (4/4) Lair:3        Slime (0/5) Lair:4
    Orc (2/2) D:10            Elf (0/3) Orc:2        Vaults (2/5) D:13
 Depths (0/4) D:15          Sewer (visited)         Gauntlet (visited)
  Crypt: Vaults:2-3

Altars:
Ashenzari
Cheibriados
Dithmenos
Elyvilon
Fedhas
Gozag
Hepliaklqana
Kikubaaqudgha
Makhleb
Nemelex Xobeh
Okawaru
Qazlal
Ru
Sif Muna
Trog
Uskayaw
Vehumet
Wu Jian
Xom
Yredelemnul
Zin
The Shining One

Shops:
D:7 (:[(   D:8 (   D:11 (*?   D:15 *   Orc:2 (?[*   Snake:1 *=   Snake:2 ?(

Annotations:
D:12 exclusion: orange crystal statue


Innate Abilities, Weirdness & Mutations

You are immune to sickness and miasma.
Your stone body is resilient. (AC +15)
You are immune to poison.
Your large and strong wings let you fly.
You resist negative energy. (rN+)
You are resistant to electric shocks. (rElec)
You are resistant to unholy torment.
You are immune to petrification.
You are clumsy. (Dex -2)
You are dopey. (Int -2)


Message History

The entropy weaver completely misses you. x2
You completely miss the entropy weaver.
The entropy weaver is almost dead.
The entropy weaver hits you but does no damage.
You block the entropy weaver's attack. The entropy weaver hits you.
You block the entropy weaver's attack.
The ironbound thunderhulk hits you but does no damage.
You barely miss the entropy weaver.
The entropy weaver is almost dead.
You block the entropy weaver's attack. x2
The entropy weaver hits you but does no damage.
You block the entropy weaver's attack.
You hit the entropy weaver.
The entropy weaver is almost dead.
The entropy weaver gestures at you while chanting.
The entropic weave corrodes you!
You block the ironbound thunderhulk's attack.
You completely miss the entropy weaver.
The entropy weaver is almost dead.
You block the entropy weaver's attack. x2
The entropy weaver hits you but does no damage.
The entropy weaver completely misses you.
The ironbound thunderhulk hits you with a +0 great mace!!!
The entropy weaver hits you but does no damage.
You block the entropy weaver's attack.
The entropy weaver hits you but does no damage.
The entropy weaver misses you.
You puncture the entropy weaver!
You kill the entropy weaver!
Trog accepts your kill.
Trog appreciates your killing of a magic user.
Your magical effects are unravelling.
You feel magically purged.
You are no longer corroded.
The ironbound thunderhulk hits you with a +0 great mace!!
* * * LOW HITPOINT WARNING * * *
You impale the ironbound thunderhulk!!
The ironbound thunderhulk is moderately wounded.
The ironbound thunderhulk hits you with a +0 great mace!!
You die...

#.......##.....
##'#######.#...
####.#### #.##..
##.#...#.## #..##.
##.........###...##
#...#...#...##....#
##.###.###.###)..##
##[..#...#...##..##.
#.†@O.........'.##..
##...#...#...##.#...
##.###.###.###.....
#...#...#...#######
##.........##
##.#...#.##
####.#### ###


You could see an ironbound thunderhulk (strong).

Vanquished Creatures
  Vashnia (Snake:2)
  Nikola (Vaults:1)
  Mlioglotl (Swamp:1)
  Asterion (Vaults:1)
  A sphinx (Vaults:1)
  Gastronok (Lair:2)
  A thorn hunter (Swamp:4)
  Kirke (Lair:4)
  Roxanne (Swamp:1)
  3 fenstrider witches
  5 nagarajas
  Donald (Lair:2)
  The ghost of Cheops the Scorcher, an adept HOFE of Beogh (Snake:4)
  4 vault wardens
  6 ironbound preservers
  A stone giant (Vaults:1)
  4 very ugly things (Vaults:1)
  2 ironbound thunderhulks
  7 eleionomae
  A deep elf demonologist (Vaults:2)
  2 entropy weavers (Vaults:1)
  9 dire elephants
  3 bunyips
  An ettin (Orc:2)
  A minotaur (Gauntlet)
  A shambling mangrove (Swamp:4)
  A fire dragon (Lair:5)
  An ice dragon (Lair:5)
  Fannar (D:10)
  3 yaktaur captains (Vaults:1)
  A salamander tyrant (Snake:3)
  Erolcha (D:9)
  32 hydras
  3 boulder beetles
  The ghost of 0gre the Frost Mage, a journeyman GnIE of Ashenzari (D:11)
  2 catoblepae
  A great orb of eyes (Vaults:2)
  A vault guard (Vaults:1)
  12 alligators
  13 centaur warriors
  10 naga warriors
  7 anacondas
  5 ironbound frosthearts
  7 two-headed ogres
  13 naga sharpshooters
  3 orc high priests (Orc:2)
  6 death yaks
  2 shock serpents
  Nergalle (D:10)
  3 spriggan berserkers (Swamp:4)
  3 salamander mystics (Snake:3)
  3 sea snakes (Snake:4)
  5 goliath frogs
  20 deep trolls
  A glowing orange brain (Vaults:1)
  14 swamp dragons
  2 spriggan druids (Swamp:3)
  3 wizards
  5 naga ritualists
  6 bog bodies
  6 ironbound convokers (Vaults:1)
  7 lindwurms
  2 phantasmal warriors (Vaults:1)
  2 necromancers
  4 deep elf pyromancers
  15 mana vipers
  4 orc knights (Orc:2)
  19 ugly things
  4 orc sorcerers (Orc:2)
  A wolf spider (D:15)
  A harpy (Vaults:2)
  7 will-o-the-wisps
  An oklob plant (Lair:2)
  A worldbinder (Gauntlet)
  7 manticores
  8 salamanders (Snake:3)
  11 cyclopes
  6 vault sentinels
  9 elephants
  10 guardian serpents
  39 black mambas
  6 torpor snails
  A smoke demon (Gauntlet)
  4 unseen horrors
  Maggie (D:7)
  9 cane toads
  9 naga magi
  2 minotaur zombies (Gauntlet)
  8 komodo dragons
  14 yaktaurs
  3 kobold demonologists
  8 rime drakes
  2 efreet
  A tengu conjurer (D:9)
  14 trolls
  A bloated husk (Swamp:1)
  10 tyrant leeches
  4 polar bears
  2 tarantellas (Vaults:1)
  A polar bear (shapeshifter) (D:14)
  11 hornets
  39 blink frogs
  41 slime creatures
  Sigmund (D:2)
  2 shadows
  46 yaks
  4 wraiths
  2 vampires (D:12)
  3 wyverns
  4 spriggans
  5 humans (D:7)
  A redback (D:13)
  5 basilisks
  6 hogs
  2 chaos spawn (Gauntlet)
  5 steam dragons
  A neqoxec (Gauntlet)
  9 swamp worms
  8 vampire mosquitoes
  2 wargs
  6 acid dragons
  27 nagas
  16 water moccasins
  12 swamp drakes
  2 black bears
  25 orc warriors
  8 boggarts
  An ice beast (D:7)
  7 ogres
  9 wolves
  9 centaurs
  A phantom (D:2)
  3 kobold brigands
  12 bullfrogs
  A gnoll sergeant (D:12)
  2 scorpions (D:6)
  10 wights
  10 killer bees (D:11)
  2 howler monkeys
  2 electric eels
  4 crimson imps (Gauntlet)
  16 orc priests
  12 hounds
  4 jellies
  A gnoll bouda (Orc:2)
  Natasha (twice) (D:4)
  5 iguanas
  15 orc wizards
  Robin (D:2)
  8 gnolls
  12 adders
  4 river rats (D:6)
  A white imp (D:5)
  An ufetubus (D:4)
  2 worms
  A dart slug (D:1)
  90 orcs
  8 bats
  10 endoplasms
  9 giant cockroaches
  13 goblins
  2 hobgoblins (D:2)
  4 jackals (D:1)
  18 kobolds
  11 quokkas
  4 ball pythons
  8 frilled lizards
  5 rats
1150 creatures vanquished.

Vanquished Creatures (others)
  An ettin (D:11)
  A boulder beetle (D:11)
  A wizard (D:13)
  A lindwurm (Vaults:1)
  An unseen horror (D:12)
  A kobold brigand (D:11)
  An orc priest (Orc:2)
  An orc wizard (Orc:1)
  24 foxfires
  14 fungi
  45 plants
91 creatures vanquished.

Grand Total: 1241 creatures vanquished

Notes
Turn   | Place    | Note
-------+----------+-------------------------------------------
     0 | D:1      | PhantomBowie the Gargoyle Berserker began the quest for the
                  | Orb.
     0 | D:1      | Reached XP level 1. HP: 14/14 MP: 1/1
   261 | D:1      | Reached XP level 2. HP: 19/19 MP: 2/2
  1005 | D:1      | Reached XP level 3. HP: 23/23 MP: 3/3
  1278 | D:2      | Noticed a phantom
  1292 | D:2      | Killed a phantom
  1293 | D:2      | Reached XP level 4. HP: 16/29 MP: 4/4
  1457 | D:2      | Noticed Robin
  1487 | D:2      | Killed Robin
  1488 | D:2      | Reached XP level 5. HP: 10/33 MP: 5/5
  1791 | D:2      | Found a faded altar of an unknown god.
  2235 | D:2      | Found an ancient bone altar of Kikubaaqudgha.
  2259 | D:2      | Noticed Sigmund
  2269 | D:2      | Killed Sigmund
  2270 | D:2      | Reached XP level 6. HP: 18/39 MP: 6/6
  2794 | D:2      | Reached ** piety under Trog
  3074 | D:3      | Upgraded the game from 0.29.1-2-gbd0b4ee654 to
                  | 0.29.1-4-g47bece8355
  3172 | D:3      | Found a stormy altar of Qazlal.
  3833 | D:3      | Found a burning altar of Makhleb.
  3833 | D:3      | Found a basalt altar of Yredelemnul.
  3897 | D:4      | Reached skill level 5 in Fighting
  4167 | D:4      | Reached XP level 7. HP: 44/44 MP: 7/7
  4172 | D:4      | Found a shimmering blue altar of Sif Muna.
  4301 | D:4      | Noticed Natasha
  4309 | D:4      | Killed Natasha
  4380 | D:4      | Found an ancient bone altar of Kikubaaqudgha.
  4822 | D:4      | Noticed Natasha
  4832 | D:4      | Killed Natasha
  5268 | D:5      | Entered Level 5 of the Dungeon
  5366 | D:5      | Found a white marble altar of Elyvilon.
  5410 | D:5      | Reached skill level 5 in Maces & Flails
  5418 | D:5      | Reached skill level 5 in Armour
  5836 | D:5      | Reached XP level 8. HP: 31/51 MP: 8/8
  6039 | D:5      | Found a staircase to the Ecumenical Temple.
  6046 | Temple   | Entered the Ecumenical Temple
  6480 | D:6      | Reached *** piety under Trog
  6781 | D:6      | Found a glowing drain.
  6787 | Sewer    | Entered a sewer
  7557 | D:6      | Reached **** piety under Trog
  7919 | D:7      | Reached XP level 9. HP: 57/57 MP: 9/9
  7947 | D:7      | Found Cuifeumyl's Book Shoppe.
  8054 | D:7      | Noticed Maggie
  8076 | D:7      | Killed Maggie
  8077 | D:7      | Reached skill level 5 in Dodging
  8477 | D:7      | Found Lovuviech's Weapon Boutique.
  8956 | D:7      | Found a hide-covered altar of Uskayaw.
  8956 | D:7      | Noticed a +0 dagger
  8956 | D:7      | Noticed a +0 falchion
  8956 | D:7      | Noticed a +0 short sword
  8957 | D:7      | Noticed a +0 short sword
  8958 | D:7      | Noticed a +0 spear
  8958 | D:7      | Noticed a +0 falchion
  8959 | D:7      | Noticed a +0 spear
  9082 | D:7      | Found Yfusk's Armour Boutique.
  9229 | D:7      | Found Uheemis's Weapon Emporium.
  9309 | D:7      | Noticed a +0 dagger
  9435 | D:7      | Found a hazy altar of Hepliaklqana.
  9578 | D:8      | Found Ihemy's Weapon Shoppe.
  9616 | D:7      | Reached XP level 10. HP: 53/64 MP: 10/10
 11085 | D:9      | Found a snail-covered altar of Cheibriados.
 11188 | D:9      | Identified the +9 short sword of the Sheltering Gods {elec,
                  | *Noise rElec Will+ Str+3}
 11202 | D:9      | Noticed Erolcha
 11220 | D:9      | Killed Erolcha
 11536 | D:9      | Reached XP level 11. HP: 38/71 MP: 11/11
 11693 | D:9      | Noticed a deep elf pyromancer
 11694 | D:9      | Noticed a six-headed hydra
 11867 | D:9      | Killed a six-headed hydra
 11959 | D:9      | Killed a deep elf pyromancer
 12020 | D:9      | Reached skill level 10 in Fighting
 12068 | D:9      | Identified the +2 cloak "Limmit" {rN+ Int+4 Stlth+}
 12068 | D:9      | Identified the +11 morningstar "Carch" {holy, Dex+7}
 12068 | D:9      | Identified the +4 dagger of Blood-Lust {venom, rCorr}
 12068 | D:9      | Identified the +1 chain mail "Jaotruta" {rPois Int+3}
 12731 | D:10     | Entered Level 10 of the Dungeon
 12763 | D:10     | Found a broken altar of Ashenzari.
 13072 | D:9      | Reached skill level 10 in Armour
 13078 | D:9      | Reached skill level 1 in Shields
 13368 | D:10     | Found a staircase to the Orcish Mines.
 13449 | D:10     | Noticed Fannar
 13473 | D:10     | Killed Fannar
 13632 | D:10     | Found a staircase to the Lair.
 13704 | D:10     | Noticed Nergalle
 13714 | D:10     | Killed Nergalle
 13954 | Lair:1   | Entered Level 1 of the Lair of Beasts
 13963 | D:10     | Reached XP level 12. HP: 79/79 MP: 12/12
 13968 | D:10     | Reached skill level 10 in Maces & Flails
 14098 | Lair:1   | Reached ***** piety under Trog
 14605 | Lair:1   | Noticed a catoblepas
 14618 | Lair:1   | Killed a catoblepas
 15200 | Lair:2   | Found a gate leading to a gauntlet.
 15209 | Gauntlet | Entered a Gauntlet
 15209 | Gauntlet | Found a transporter.
 15222 | Gauntlet | Found a transporter.
 15222 | Gauntlet | Found a transporter.
 15223 | Gauntlet | Found a transporter.
 15231 | Gauntlet | Found a transporter.
 15234 | Gauntlet | Found a transporter.
 15235 | Gauntlet | Found a transporter.
 15239 | Gauntlet | Found a runed translucent door.
 15239 | Gauntlet | Found a runed translucent door.
 15243 | Gauntlet | Found a transporter.
 15246 | Gauntlet | Found a transporter.
 15247 | Gauntlet | Found a transporter.
 15251 | Gauntlet | Found a runed translucent door.
 15253 | Gauntlet | Found a runed translucent door.
 15255 | Gauntlet | Found a transporter.
 15258 | Gauntlet | Found a transporter.
 15259 | Gauntlet | Found a transporter.
 15267 | Gauntlet | Found a transporter.
 15361 | Gauntlet | Gained mutation: You are dopey. (Int -2) [a shining eye]
 15368 | Gauntlet | Reached skill level 5 in Shields
 15472 | Gauntlet | Noticed a minotaur
 15485 | Gauntlet | Killed a minotaur
 15799 | Lair:2   | Noticed Gastronok
 15811 | Lair:2   | Killed Gastronok
 15916 | Lair:2   | Reached XP level 13. HP: 84/85 MP: 13/13
 16107 | Lair:2   | Identified the +1 leather armour of Death Resistance
                  | {Regen+ SInv Stlth+}
 16305 | Lair:2   | Found a staircase to the Swamp.
 17700 | Lair:3   | Found a staircase to the Snake Pit.
 17865 | Lair:3   | Received a gift from Trog
 18455 | Lair:4   | Noticed Kirke
 18476 | Lair:4   | Killed Kirke
 18554 | Lair:4   | Gained mutation: Your large and strong wings let you fly.
                  | [Gargoyle growth]
 18554 | Lair:4   | Reached XP level 14. HP: 88/92 MP: 14/14
 18978 | Lair:4   | Reached skill level 10 in Dodging
 19216 | Lair:4   | Found a staircase to the Slime Pits.
 19666 | Lair:5   | Entered Level 5 of the Lair of Beasts
 19960 | Lair:4   | Received a gift from Trog
 21823 | Lair:5   | Found a runed translucent door.
 22168 | Lair:5   | Reached XP level 15. HP: 76/100 MP: 15/15
 22426 | Orc:1    | Entered Level 1 of the Orcish Mines
 22535 | Orc:2    | Entered Level 2 of the Orcish Mines
 22795 | Orc:2    | Received a gift from Trog
 22908 | Orc:2    | Reached skill level 10 in Shields
 23452 | Orc:2    | Found a staircase to the Elven Halls.
 23791 | Orc:2    | HP: 4/100 [sixfirhy[an orc high priest] (3)]
 24349 | Orc:2    | Found Xeguirgh's Assorted Antiques.
 24349 | Orc:2    | Found Gauwuig's Weapon Shoppe.
 24351 | Orc:2    | Found Noimem's Magic Scroll Shoppe.
 24351 | Orc:2    | Found Tipla's Antique Armour Boutique.
 24361 | Orc:2    | Bought a scroll of identify for 36 gold pieces
 24361 | Orc:2    | Bought a scroll of identify for 36 gold pieces
 24361 | Orc:2    | Bought a scroll of teleportation for 54 gold pieces
 24361 | Orc:2    | Bought a scroll of identify for 36 gold pieces
 24361 | Orc:2    | Bought a scroll of identify for 36 gold pieces
 24361 | Orc:2    | Bought a scroll of teleportation for 54 gold pieces
 24361 | Orc:2    | Bought a scroll of identify for 36 gold pieces
 24489 | Orc:2    | Reached ****** piety under Trog
 24680 | Orc:2    | Received a gift from Trog
 25120 | Swamp:1  | Entered Level 1 of the Swamp
 25966 | Swamp:1  | Noticed Donald
 25990 | Lair:2   | Killed Donald
 26187 | Swamp:1  | Noticed Mlioglotl
 26199 | Swamp:1  | Killed Mlioglotl
 26251 | Swamp:1  | Identified the +6 tower shield "Ofienn" {rPois rCorr
                  | Stlth+}
 26298 | Swamp:1  | Noticed Roxanne
 26812 | Swamp:1  | Killed Roxanne
 27582 | Swamp:2  | Reached XP level 16. HP: 99/107 MP: 16/16
 27583 | Swamp:2  | Identified the +5 morningstar of the Little People {venom,
                  | rC+}
 27818 | Swamp:2  | Noticed a fenstrider witch
 27819 | Swamp:2  | Paralysed by a fenstrider witch for 3 turns
 27827 | Swamp:2  | Reached skill level 15 in Fighting
 27832 | Swamp:2  | Killed a fenstrider witch
 28298 | Swamp:3  | Gained mutation: You are clumsy. (Dex -2) [mutagenic glow]
 28568 | Swamp:3  | Reached skill level 15 in Armour
 28654 | Swamp:3  | Identified the +2 pair of gloves "Lorarri" {rF+ Slay+3}
 28958 | Swamp:4  | Entered Level 4 of the Swamp
 28980 | Swamp:4  | Noticed a fenstrider witch
 28982 | Swamp:4  | Paralysed by a fenstrider witch for 2 turns
 28987 | Swamp:4  | Paralysed by a fenstrider witch for 5 turns
 28997 | Swamp:4  | Killed a fenstrider witch
 29267 | Swamp:4  | Received a gift from Trog
 29546 | Swamp:4  | Noticed a fenstrider witch
 29565 | Swamp:4  | Paralysed by a fenstrider witch for 2 turns
 29584 | Swamp:4  | Noticed a thorn hunter
 29600 | Swamp:4  | Killed a thorn hunter
 30146 | Swamp:4  | Killed a fenstrider witch
 30965 | Swamp:4  | Reached XP level 17. HP: 98/115 MP: 17/17
 30972 | Swamp:4  | Got a decaying rune of Zot
 31230 | Snake:1  | Entered Level 1 of the Snake Pit
 31233 | Snake:1  | Found Siem's Jewellery Shop.
 31233 | Snake:1  | Found Qobloruc's General Store.
 31730 | Snake:1  | Received a gift from Trog
 32318 | Snake:1  | Identified a scroll of acquirement
 32607 | Snake:2  | Noticed Vashnia
 32607 | Snake:2  | Found Kokhliasa's Magic Scroll Boutique.
 32640 | Snake:2  | Killed Vashnia
 32920 | Snake:2  | Reached skill level 15 in Maces & Flails
 33097 | Snake:2  | Found Iqygez's Antique Weapon Shop.
 34510 | Snake:3  | Received a gift from Trog
 34623 | Snake:4  | Entered Level 4 of the Snake Pit
 34854 | Snake:4  | Found a runed translucent gate.
 34854 | Snake:4  | Found a runed translucent gate.
 34854 | Snake:4  | Found a runed translucent gate.
 34887 | Snake:4  | Noticed Cheops's ghost (adept HOFE)
 35174 | Snake:4  | Reached XP level 18. HP: 121/122 MP: 18/18
 35251 | Snake:4  | Killed Cheops's ghost
 36155 | Snake:4  | Received a gift from Trog
 36203 | Snake:4  | Got a serpentine rune of Zot
 36477 | D:11     | Found a runed translucent gate.
 36477 | D:11     | Found a runed translucent gate.
 36477 | D:11     | Found a runed translucent gate.
 36509 | D:11     | Found an opulent altar of Gozag.
 36517 | D:11     | You are sucked into a shaft and drop 2 floors!
 36755 | D:11     | Found Xemeb's Assorted Antiques.
 36755 | D:11     | Noticed 0gre's ghost (journeyman GnIE)
 36940 | D:11     | Found Leucso's Weapon Shoppe.
 37134 | D:11     | Found Qosmulo's Magic Scroll Shop.
 37363 | D:11     | Killed 0gre's ghost
 37486 | D:12     | Identified the ring "Uzem" {EV+4 Str+3}
 38362 | D:12     | Lost intelligence.
 38987 | D:13     | Found a gate to the Vaults.
 39053 | D:13     | Received a gift from Trog
 40686 | D:15     | Entered Level 15 of the Dungeon
 40701 | D:15     | Found Xekoots's Assorted Antiques.
 40966 | D:15     | Found a staircase to the Depths.
 41035 | D:15     | Reached XP level 19. HP: 126/128 MP: 19/19
 41683 | Vaults:1 | Entered Level 1 of the Vaults
 42372 | Vaults:1 | Identified the +6 flail of Zionemoh {vorpal, Drain rN+
                  | Dex+4 SInv} (Trog gifted it to you on level 1 of the
                  | Vaults)
 42372 | Vaults:1 | Received a gift from Trog
 42526 | Vaults:1 | Noticed Asterion
 42760 | D:13     | Reached skill level 15 in Shields
 42875 | Vaults:1 | Killed Asterion
 44508 | Vaults:1 | Noticed Nikola
 44560 | Vaults:1 | Killed Nikola
 44560 | Vaults:1 | Received a gift from Trog
 45949 | Vaults:2 | Reached XP level 20. HP: 137/137 MP: 20/20
 45999 | Vaults:2 | Noticed a Brimstone Fiend
 46297 | Vaults:2 | Identified the +7 dire flail of Dismemberment {vorpal,
                  | rCorr} (Trog gifted it to you on level 2 of the Vaults)
 46297 | Vaults:2 | Received a gift from Trog
 46348 | Vaults:1 | Slain by an ironbound thunderhulk

Illustrated notes

Levels and vault maps discovered:
D:1:      amcnicky_arrival_flooded_fountain, layout_basic, skrybe_limestone_x
D:2:      layout_loops_cross, shapermc_ecumenical_altar_mp_highgroup,
          basic_altar, uniq_robin, uniq_sigmund
D:3:      layout_loops_ring, gammafunk_temple_overflow_elements,
          old_standard_altar, st_stairs_9
D:4:      layout_basic, kennysheep_orc_sif_temple, mainiacjoe_overflow_paths,
          uniq_natasha
D:5:      layout_basic, elyvilon_altar_4, minmay_temple_entry_nine_rooms
D:6:      layout_cave_pools, lightli_sewer_entry_pipes
D:7:      layout_gridville, nicolae_uskayaw_en_pointe,
          nzn_hepliaklqana_mist_gate, serial_shops, nicolae_lakefront_shop,
          nicolae_shop_competitors_out_of_business,
          nicolae_shop_bloodbath_and_beyond, nicolae_shop_stone,
          minmay_hedge_maze, minivault_25, minmay_ruffians, uniq_maggie
D:8:      layout_gridville, serial_shops,
          nicolae_shop_competitors_out_of_business, minmay_misc_feat_tiny,
          hangedman_decor_riveting
D:9:      minmay_the_grid_four_pointed_star
          [minmay_the_grid_triangle_9x9_intruding_spiral,
          minmay_the_grid_triangle_9x9_steps,
          minmay_the_grid_triangle_9x9_zippers_horizontal,
          minmay_the_grid_triangle_9x9_swiss_cheese,
          minmay_the_grid_prize_shrinking_boxes], layout_basic, slow_altar_2,
          uniq_erolcha
D:10:     layout_gridville, cheibrodos_ashenzari_chains, erik_lair_island,
          orc_0_dummy, uniq_fannar, uniq_nergalle
D:11:     layout_cave_pools, ebering_ghost_gozag, serial_shops, shop,
          nicolae_shop_advertising_works [nicolae_subvault_shop_adworks]
D:12:     cheibrodos_barr_body, layout_loops_ring, minmay_statue_bubble
D:13:     layout_stronghold, david_vaults_1, serial_glass, glass_columns_a,
          glass_columns_a, minmay_strange_pillars, minmay_strange_pillars
D:14:     layout_rooms, chequers_serial_rivers_small_a
D:15:     hangedman_depths_entry_try_elsewhere_first, layout_irregular_city,
          serial_shops, nicolae_shop_hallway_plus,
          chequers_serial_rivers_micro_b
Temple:   hellmonk_temple_two_chambers
Lair:1:   layout_regular_city, beast_lair_carwin_1, grunt_megastairs_3
Lair:2:   layout_roguey, minmay_swamp_entry_wisps, gauntlet_entry_generic,
          uniq_gastronok
Lair:3:   layout_cave_pods, guppyfry_snake_entry_island, grunt_megastairs_4
Lair:4:   layout_long_grid, nicolae_slime_entry_slimehenge, st_stairs_8,
          minivault_25, serial_bayou_shore_a, uniq_kirke
Lair:5:   guppyfry_lair_end_dragon, layout_hall_layers, wormcave,
          minmay_lair_drake_nest, grunt_megastairs_1
Swamp:1:  layout_basic_swamp, nicolae_swamp_fairy_circle, uniq_roxanne,
          uniq_donald, uniq_mlioglotl
Swamp:2:  layout_falls_marsh, nicolae_swamp_little_tower,
          nicolae_swamp_baby_hydras
Swamp:3:  layout_falls_marsh, serial_swamp_ruin, evilmike_swamp_ruin_rubble_1,
          evilmike_swamp_ruin_house_5, evilmike_swamp_ruin_house_2
Swamp:4:  swamp_basic_johnstein, layout_basic_swamp, infiniplex_staircase_pool
Snake:1:  layout_grid_shapes, lemuel_fruit_tree, grunt_megastairs_5,
          minmay_shoptagon
Snake:2:  layout_gridlike, serial_shops, shop, nicolae_stop_n_shop_2,
          nicolae_integral_box, uniq_vashnia
Snake:3:  layout_cave_pods, serial_bayou_shore_b, serial_bayou_shore_b,
          grunt_megastairs_2
Snake:4:  grunt_snake_rune_pools, layout_rooms, ebering_ghost_rock_garden,
          grunt_ministairs_3
Orc:1:    layout_caves
Orc:2:    grunt_orc_tribal_feast, layout_diamond_mine, rock_pile
Vaults:1: vaults_room_large_hall, v_misc_32, v_misc_9, vaults_room_pools,
          hangedman_vaults_stream, nicolae_vaults_c_with_doors,
          vaults_standard_mumra_x, hangedman_vaults_snaps,
          nicolae_vaults_circle_grid_a, nicolae_vaults_rhombus_6,
          layout_vaults_omnibox, uniq_asterion, uniq_nikola
Vaults:2: nicolae_vaults_mini_display_case,
          vaults_standard_mumra_enter_the_diamond, dpeg_vaults_monster_box,
          hangedman_vaults_locks, minmay_crypt_entry_necro_gods,
          ontoclasm_vaults_ring_small, v_misc_3, vaults_room_fours,
          ontoclasm_vaults_fault, hangedman_vaults_stretched_pinwheel,
          nicolae_vaults_little_squares_3, vaults_room_semicircle,
          vaults_mumra_bighexcomb, layout_vaults_ring

Skill      XL: |  1  2  3  4  5  6  7  8  9 10 11 12 13 14 15 16 17 18 19 20 |
---------------+-------------------------------------------------------------+-----
Dodging        | 2 3 4 6 7 8 9 10 11 12 13 14 | 14.4
Fighting       | 4 5 7 8 9 10 11 12 13 14 15 16 17 18 | 18.5
Armour         | 3 4 5 6 7 9 10 11 12 13 14 15 16 17 18 | 18.3
Maces & Flails | 4 5 6 7 8 9 10 11 12 13 14 15 16 17 | 17.1
Shields        | 3 6 8 9 11 12 13 14 15 | 15.8

Action                   |  1- 3 |  4- 6 |  7- 9 | 10-12 | 13-15 | 16-18 | 19-21 || total
-------------------------+-------+-------+-------+-------+-------+-------+-------++-------
Melee: Mace              |    69 |   186 |       |       |       |       |       ||   255
       Punch             |     1 |     5 |     3 |     1 |       |       |       ||    10
       Flail             |       |     3 |   519 |       |       |       |       ||   522
       Morningstar       |       |       |    15 |   453 |  1227 |  1358 |   671 ||  3724
Invok: Berserk           |       |     2 |       |     2 |     4 |     6 |     1 ||    15
  Use: Scroll            |       |       |     5 |     6 |    14 |     6 |     2 ||    33
       Potion            |       |       |       |       |       |     1 |     2 ||     3
 Stab: Petrified         |       |       |       |       |     6 |       |       ||     6
       Confused          |       |       |       |       |       |     2 |       ||     2
Armor: Animal skin       |    22 |       |       |       |       |       |       ||    22
       Ring mail         |     8 |    52 |       |       |       |       |       ||    60
       Chain mail        |       |    59 |   417 |   233 |   433 |   568 |   327 ||  2037
       Scale mail        |       |     6 |       |       |       |       |       ||     6
       Skin              |       |     4 |       |       |       |       |       ||     4
Dodge: Dodged            |    42 |   102 |   278 |   209 |   467 |   556 |   398 ||  2052
Block: Other             |       |       |    35 |    37 |       |       |       ||    72
       Reflection        |       |       |     2 |     4 |    20 |   242 |    53 ||   321
       Buckler           |       |       |       |   147 |     3 |       |       ||   150
       Kite shield       |       |       |       |       |   979 |       |       ||   979
       Tower shield      |       |       |       |       |   152 |  2285 |  1158 ||  3595
